AoeStats
← Deffgrippa

Arabia

505786195Analyzed
1v1 RM · 22d ago on Sep 11, 2026· 36m 21s· 2 players
Game mode
Random Map
Map size
Tiny (2 player)
Population
200
Speed
Normal
Resources
Standard
Victory
Conquest
Starting age
Dark Age
Ending age
Imperial Age
RankedLock teamsTeams togetherTeam positionsShared explorationLock speedFull tech treeHidden civsTurbo modeCheats
Victory
Defeat
🇿🇦 Wei · South Africa
947
+15
🇦🇺 Inca · Australia
928
-15
Deffgrippa
2:06 Loom
12:50 Feudal Age
14:37 Double-Bit Axe
22:46 Castle Age
20:57 Horse Collar
21:13 Stone Mining
23:03 Forging
22:59 Scale Mail Armor
24:05 Pikeman
24:49 Squires
28:13 Fletching
32:35 Bow Saw
34:23 Elite Skirmisher
mashHollenbach
6:15 Loom
9:00 Feudal Age
14:15 Double-Bit Axe
14:15 Horse Collar
20:41 Castle Age
19:30 Fletching
19:41 Padded Archer Armor
22:03 Thumb Ring
24:53 Heavy Plow
25:10 Bow Saw
26:39 Wheelbarrow
26:52 Gold Mining
26:53 Stone Mining
30:38 Hand Cart
30:53 Husbandry
31:04 Bloodlines
34:45 Imperial Age
33:00 Scale Barding Armor
35:05 Stone Shaft Mining
35:06 Gold Shaft Mining
35:53 Tuntian
Connection lost

Rejoining the realm…

Still unreachable

The connection could not be restored.

Session expired

The server has moved on; the page needs a fresh start.